 Dungeon Crawl Stone Soup version 0.27.1 (webtiles) character file.

Game seed: 4264708359157515095

4 ZARRMARR the Skirmisher (level 1, 0/19 HPs)
             Began as a Palentonga Fighter on Aug 29, 2021.
             Slain by a quokka (1 damage)
             ... on level 1 of the Dungeon.
             The game lasted 00:01:00 (272 turns).

ZARRMARR the Skirmisher (Palentonga Fighter)         Turns: 272, Time: 00:01:01

Health: 0/19       AC:  6    Str: 19    XL:     1   Next: 58%
Magic:  1/1        EV:  5    Int:  8    God:
Gold:   36         SH:  8    Dex:  9    Spells: 0/0 levels left

rFire    . . .     SeeInvis +   a - +0 flail
rCold    . . .     Faith    .   c - +0 kite shield
rNeg     . . .     Spirit   .   b - +0 scale mail
rPois    .         Reflect  .   (no helmet)
rElec    .         Harm     .   (no cloak)
rCorr    .         Rampage  .   (no gloves)
Will     .....                  (no barding)
Stlth    ..........             (no amulet)
HPRegen  0.06/turn              (no ring)
MPRegen  0.07/turn              (no ring)

@: no status effects
A: large, rugged brown scales 3, see invisible, deformed body, roll 1, armoured
tail
a: Rolling Charge


You were on level 1 of the Dungeon.
You visited 1 branch of the dungeon, and saw 1 of its levels.

You collected 36 gold pieces.

Inventory:

Hand Weapons
 a - a +0 flail (weapon)
Missiles
 e - 44 stones
Armour
 b - a +0 scale mail (worn)
 c - a +0 kite shield (worn)
Scrolls
 f - a scroll of enchant weapon {unknown}
 g - a scroll of brand weapon {unknown}
 h - a scroll of identify {unknown}
Potions
 d - a potion of might


   Skills:
 + Level 3.1 Fighting
 + Level 2.0 Maces & Flails
 - Level 2.4 Armour
 + Level 2.5 Shields


You couldn't memorise any spells.
You didn't know any spells.
Your spell library was empty.

Dungeon Overview and Level Annotations

Branches:
Dungeon (1/15)

Altars:


Innate Abilities, Weirdness & Mutations

You are completely covered in rugged brown scales. (AC +3, +7% HP)
You have supernaturally acute eyesight. (SInv)
Armour fits poorly on your strangely shaped body.
You can roll at nearby foes to attack.
You have a long armoured tail.


Message History

The frilled lizard is heavily wounded.
The frilled lizard unfolds its giant frill.
The frilled lizard bites you but does no damage.
The kobold hits you with a +0 short sword.
The quokka completely misses you.
You closely miss the frilled lizard.
The frilled lizard is heavily wounded.
The kobold hits you with a +0 short sword.
* * * LOW HITPOINT WARNING * * *
You block the frilled lizard's attack. You block the quokka's attack.
You block the kobold's attack.
The frilled lizard bites you but does no damage.
The quokka bites you but does no damage.
You closely miss the frilled lizard.
The frilled lizard is heavily wounded.
You block the kobold's attack.
The frilled lizard bites you but does no damage.
You block the quokka's attack. The quokka barely misses you.
The kobold barely misses you. You block the frilled lizard's attack.
Unknown command.
You hit the frilled lizard.
You kill the frilled lizard!
You block the quokka's attack. You block the kobold's attack.
Unknown command.
You hit the kobold but do no damage.
The kobold is heavily wounded.
You block the quokka's attack. The kobold closely misses you.
The quokka barely misses you. The kobold hits you but does no damage.
Unknown command.
You closely miss the kobold.
The kobold is heavily wounded.
The quokka bites you but does no damage.
The kobold hits you with a +0 short sword.
* * * LOW HITPOINT WARNING * * *
The quokka closely misses you.
Unknown command.
You closely miss the kobold.
The kobold is heavily wounded.
The quokka bites you.
You die...

#............[...
######...#.......
#......#.......
#####.##.#.#.......
#.....##.#.#.......
#...>.##...........
#.....###..##......
#.....# ..###.....
#.@...# #.# ##..#
#K†r..# ..
......#....
##.....#.##.
.._#......#
#?###....###
#........#
##.......#


You could see a quokka and a kobold.

Vanquished Creatures
  2 goblins (D:1)
  A hobgoblin (D:1)
  A frilled lizard (D:1)
  A rat (D:1)
5 creatures vanquished.

Notes
Turn   | Place    | Note
-------+----------+-------------------------------------------
     0 | D:1      | ZARRMARR the Palentonga Fighter began the quest for the
                  | Orb.
     0 | D:1      | Reached XP level 1. HP: 19/19 MP: 1/1
   260 | D:1      | Found a faded altar of an unknown god.
   272 | D:1      | Slain by a quokka

Illustrated notes

Levels and vault maps discovered:
D:1:      dpeg_arrival_boxes_within_box, layout_rooms,
          ebering_ecumenical_altar_rust

Action                   || total
-------------------------++-------
Melee: Flail             ||    26
       Tailslap          ||     3
 Abil: Rolling Charge    ||     3
Armor: Scale mail        ||    18
Dodge: Dodged            ||     7
Block: Kite shield       ||    20
